 Dungeon Crawl Stone Soup version 0.14-a0-1266-g856eec9 (webtiles) character file.

46668 PolkaDot the Conjurer (level 14, -1/85 HPs)
             Began as a Vampire Conjurer on Dec 3, 2013.
             Was the Champion of Sif Muna.
             Slain by a water moccasin (3 damage)
             ... on Level 8 of the Lair of Beasts.
             The game lasted 03:30:25 (27789 turns).

PolkaDot the Conjurer (Vampire Conjurer)           Turns: 27789, Time: 03:30:25

HP  -1/85        AC  7     Str  7      XL: 14   Next:  2%
MP   2/34        EV 12     Int 24      God: Sif Muna [******]
Gold 900         SH  0     Dex 14      Spells:  6 memorised,  3 levels left

rFire  . . .     SeeInvis +     d - +3,+1 sabre (vamp)
rCold  + + .     Clarity  .     E - +0 elf robe
rNeg   + + +     Conserve .     (no shield)
rPois  +         rCorr    .     (no helmet)
rElec  .         rRot     +     e - +0 cloak
SustAb . .       Spirit   .     F - +2 pair of gloves of Ennui {Int+3}
rMut   .         Warding  .     H - +0 pair of boots
Saprov . . .     Stasis   .     (no amulet)
                                u - ring of magical power
                                f - ring of wizardry

@: non-regenerating, somewhat resistant to hostile enchantments, stealthy
A: bottle blood, fangs 3, see invisible, unbreathing
a: Bat Form, Bottle Blood, Channel Energy, Forget Spell, Renounce Religion


You were on level 8 of the Lair of Beasts.
You worshipped Sif Muna.
Sif Muna was exalted by your worship.
You were bloodless.

You visited 2 branches of the dungeon, and saw 18 of its levels.

You collected 900 gold pieces.

Inventory:

Hand weapons
 d - a +3,+1 vampiric sabre (weapon)
Armour
 e - a +0 cloak (worn)
 E - a +0 elven robe (worn)
 F - the +2 pair of gloves of Ennui (worn) {Int+3}
   (You found it on level 7 of the Dungeon)

   It affects your intelligence (+3).
 H - a +0 pair of boots (worn)
Magical devices
 t - a wand of disintegration (6)
Scrolls
 h - a scroll of vulnerability {unknown}
 j - 4 scrolls of enchant armour
 k - 4 scrolls of teleportation
 v - a scroll of immolation
 w - 3 scrolls of remove curse
 z - 4 scrolls of fog
 G - a scroll of curse armour {unknown}
 Q - a scroll of torment {unknown}
 R - a scroll of silence {unknown}
 S - a scroll of random uselessness {unknown}
 U - a scroll of enchant weapon II {unknown}
 Y - a scroll of brand weapon {unknown}
Jewellery
 f - a ring of wizardry (left hand)
 l - an uncursed ring of teleport control
 u - a ring of magical power (right hand)
 I - an uncursed ring of poison resistance
 W - an uncursed ring of protection from magic
 Z - an uncursed ring of positive energy
Potions
 b - 6 potions of magic
 i - 2 potions of restore abilities
 m - 2 potions of speed
 o - a potion of brilliance
 q - 5 potions of blood
 r - a potion of resistance
 x - 3 potions of curing
 A - a potion of invisibility
 B - a potion of agility
 D - 3 potions of coagulated blood
 K - 2 potions of mutation
 L - a potion of flight
Books
 a - Sif Muna's Papyrus of Floating Attacks
   (Sif Muna gifted it to you on level 7 of the Lair of Beasts)

   Spells                             Type                      Level
   *Magic Dart                        Conjuration                  1
   *Shock                             Conjuration/Air              1
   Throw Frost                        Conjuration/Ice              2
   Static Discharge                   Conjuration/Air              3
   Silence                            Hexes/Air                    5
 c - a book of Conjurations

   Spells                             Type                      Level
   *Magic Dart                        Conjuration                  1
   *Searing Ray                       Conjuration                  2
   Dazzling Spray                     Conjuration/Hexes            3
   *Iskenderun's Mystic Blast         Conjuration                  4
   Iskenderun's Battlesphere          Conjuration/Charms           4
   *Fulminant Prism                   Conjuration/Hexes            5
 y - a book of Death

   Spells                             Type                      Level
   Corpse Rot                         Necromancy                   2
   Sublimation of Blood               Necromancy                   2
   Agony                              Necromancy                   5
   Dispel Undead                      Necromancy                   5
   Excruciating Wounds                Charms/Necromancy            5
   Bolt of Draining                   Conjuration/Necromancy       5
 C - a Grand Grimoire {highlevel}

   This book is beyond your current level of understanding.

   Spells                             Type                      Level
   Demonic Horde                      Summoning                    6
   Mass Abjuration                    Summoning                    6
   Haunt                              Necromancy/Summoning         7
   Summon Greater Demon               Summoning                    7
   Malign Gateway                     Summoning/Translocation      7
   Summon Horrible Things             Summoning                    8
 J - a book of Control

   Spells                             Type                      Level
   Control Teleport                   Charms/Translocation         4
   Control Undead                     Necromancy                   4
   Enslavement                        Hexes                        4
   Mass Confusion                     Hexes                        6
   Metabolic Englaciation             Hexes/Ice                    6
 M - a book of War Chants

   Spells                             Type                      Level
   Fire Brand                         Charms/Fire                  2
   Freezing Aura                      Charms/Ice                   2
   Shroud of Golubria                 Charms/Translocation         2
   Repel Missiles                     Charms/Air                   2
   Poison Weapon                      Charms/Poison                3
   Regeneration                       Charms/Necromancy            3
 N - Sif Muna's Witchery, Part One
   (Sif Muna gifted it to you on level 9 of the Dungeon)

   Spells                             Type                      Level
   *Shock                             Conjuration/Air              1
   Confusing Touch                    Hexes                        1
   Animate Skeleton                   Necromancy                   1
   Pain                               Necromancy                   1
   Summon Small Mammal                Summoning                    1
 O - a book of Geomancy

   Spells                             Type                      Level
   Sandblast                          Earth                        1
   Stoneskin                          Transmutation/Earth          2
   Passwall                           Transmutation/Earth          3
   Stone Arrow                        Conjuration/Earth            3
   Petrify                            Transmutation/Earth          4
   Lee's Rapid Deconstruction         Earth                        5
 P - Sif Muna's Disquisition on Conjuration and Weightlessness
   (Sif Muna gifted it to you on level 1 of the Lair of Beasts)

   Spells                             Type                      Level
   *Shock                             Conjuration/Air              1
   *Magic Dart                        Conjuration                  1
   Force Lance                        Conjuration                  5
   *Poisonous Cloud                   Conjuration/Poison/Air       6
   Orb of Destruction                 Conjuration                  7
 T - Sif Muna's Collected Works on Feathery Attacks
   (Sif Muna gifted it to you on level 2 of the Lair of Beasts)

   Spells                             Type                      Level
   Flame Tongue                       Conjuration/Fire             1
   Swiftness                          Charms/Air                   2
   Throw Frost                        Conjuration/Ice              2
   Mephitic Cloud                     Conjuration/Poison/Air       3
   Force Lance                        Conjuration                  5
 V - a book of Air

   Spells                             Type                      Level
   *Shock                             Conjuration/Air              1
   Swiftness                          Charms/Air                   2
   Repel Missiles                     Charms/Air                   2
   Flight                             Charms/Air                   3
   Static Discharge                   Conjuration/Air              3
   Lightning Bolt                     Conjuration/Air              5
 X - Qisoc's Incunabulum of the Oath and Feathers
   (Sif Muna gifted it to you on level 5 of the Lair of Beasts)

   Spells                             Type                      Level
   Slow                               Hexes                        2
   Confuse                            Hexes                        3
   Airstrike                          Air                          4
   Silence                            Hexes/Air                    5
   Invisibility                       Hexes                        6


   Skills:
 - Level 5.2 Short Blades
 - Level 2.1 Dodging
 - Level 3.0 Stealth
 + Level 4.6 Spellcasting
 * Level 14.4 Conjurations
 - Level 7.1 Hexes
 * Level 12.7 Air Magic
 - Level 3.0 Poison Magic


You had 3 spell levels left.
You knew the following spells:

 Your Spells              Type           Power        Failure   Level  Hunger
a - Magic Dart            Conj           ####         1%          1    None
d - Iskenderun's Mystic   Conj           ######..     1%          4    ####...
f - Fulminant Prism       Conj/Hex       ######....   1%          5    #####..
s - Searing Ray           Conj           ######       1%          2    None
z - Poisonous Cloud       Conj/Pois/Air  ######....   10%         6    #######
A - Shock                 Conj/Air       ####         1%          1    None


Dungeon Overview and Level Annotations

Branches:
Dungeon (10/16)            Temple (0/1) D:4             Orc (0/4) D:9
   Lair (8/8) D:10          Swamp (0/5) Lair:6       Spider (0/5) Lair:5
  Slime (0/6) Lair:6

Altars:
Ashenzari
Cheibriados
Fedhas
Makhleb
Nemelex Xobeh
Sif Muna
Xom
Zin
Jiyva

Shops:
D:5 *

Portals:
Ziggurat: D:10 (2810 gp)

Annotations:
D:10 Urug


Innate Abilities, Weirdness & Mutations

You do not heal naturally.
You can bottle blood from corpses.
You have razor-sharp teeth.*
You have supernaturally acute eyesight.
You can survive without breathing.*


Message History

You feel much better. The water moccasin bites you!
* * * LOW HITPOINT WARNING * * *
Use which ability? (? or * to list)
You channel some magical energy.
The water moccasin bites you.
* * * LOW HITPOINT WARNING * * *
The water moccasin barely misses you.
Casting: Iskenderun's Mystic Blast
Confirm with . or Enter, or press ? or * to list all spells.
Aiming: Iskenderun's Mystic Blast
Press: ? - help, Shift-Dir - straight line, f/p - water moccasin
Aim: a water moccasin (moderately wounded)
The orb of energy misses the water moccasin.
* * * LOW MAGIC WARNING * * *
The water moccasin bites you.
* * * LOW HITPOINT WARNING * * *
Use which ability? (? or * to list)
You channel some magical energy.
The water moccasin bites you.
* * * LOW HITPOINT WARNING * * *
The water moccasin bites you.
You die...

....................#f....#...#
..................f......#.#.##
..#........PP.#............###
.##......##.P#§.§.......#.##
##f...#....P..#§.§..####### #
....P.f.§#§..## .
..........%f## . ....#..PSf.#
..###...@.# . ###P### ###


You could see a water moccasin.

Vanquished Creatures
  The ghost of Mitsuki the Hoplite, a powerful DDFi of Okawaru (Lair:2)
  7 hydras
  A centaur warrior (D:9)
  An oklob plant (D:10)
  Joseph (D:10)
  2 griffons
  6 elephants (Lair:8)
  3 black mambas
  11 spiny frogs
  A fire drake (Lair:5)
  4 komodo dragons
  10 spriggans (Lair:8)
  A troll (D:9)
  A hydra skeleton (D:9)
  A polar bear (Lair:6)
  2 ravens (Lair:4)
  9 blink frogs
  2 wyverns
  3 basilisks
  A wraith (D:10)
  46 yaks
  An elephant slug (Lair:1)
  6 grizzly bears (Lair:8)
  A shark (Lair:7)
  Eustachio (D:6)
  2 steam dragons
  9 hippogriffs
  4 swamp worms (Lair:6)
  Menkaure (D:6)
  25 wolves
  13 porcupines
  2 ice beasts
  6 centaurs
  4 orc warriors (D:9)
  2 sky beasts
  8 ogres
  11 black bears
  A yellow wasp (D:10)
  2 boring beetles
  10 crocodiles
  Sigmund (D:2)
  Duvessa (D:6)
  6 giant slugs
  12 giant frogs
  16 water moccasins
  6 agate snails
  A fulminant prism (Lair:5)
  A wyvern skeleton (D:9)
  2 eyes of draining
  7 killer bees (D:10)
  A jellyfish (Lair:7)
  2 electric eels
  8 wights
  Dowan (D:6)
  2 goliath beetles (D:6)
  8 crimson imps
  6 hounds
  8 spiders (Lair:5)
  A centaur zombie (D:7)
  4 orc priests
  3 jellies
  3 big fish
  7 orc wizards
  7 iguanas
  16 worker ants
  A scorpion (D:8)
  7 sheep (Lair:8)
  A big kobold zombie (D:10)
  Ijyb (D:2)
  75 green rats
  17 adders
  3 gnolls
  4 giant centipedes
  5 giant mites
  9 worms
  7 giant geckos
  3 oozes
  38 orcs
  3 giant cockroaches
  A gnoll zombie (D:6)
  13 hobgoblins
  14 jackals
  15 quokkas
  4 ball pythons
  17 bats
  9 giant newts
  15 goblins
  A hobgoblin skeleton (D:9)
  A hobgoblin zombie (D:5)
  19 kobolds
  A kobold skeleton (D:4)
  An orc skeleton (D:5)
  31 rats
  2 rat skeletons
  8 fungi
  3 plants
682 creatures vanquished.

Vanquished Creatures (others)
  161 fulminant prisms
  10 fungi
  2 plants (Lair:8)
173 creatures vanquished.

Grand Total: 855 creatures vanquished

Notes
Turn   | Place    | Note
--------------------------------------------------------------
     0 | D:1      | PolkaDot, the Vampire Conjurer, began the quest for the Orb.
     0 | D:1      | Reached XP level 1. HP: 13/13 MP: 3/3
   420 | D:1      | Reached XP level 2. HP: 16/19 MP: 0/4
  1048 | D:2      | Reached XP level 3. HP: 6/24 MP: 6/6
  1064 | D:2      | HP: 1/24 [poisoned by an adder]
  1117 | D:2      | Noticed Sigmund
  1461 | D:2      | Reached skill level 4 in Conjurations
  1505 | D:2      | Learned a level 2 spell: Searing Ray
  1542 | D:2      | Reached XP level 4. HP: 27/30 MP: 4/7
  1664 | D:2      | Found a shimmering altar of Xom.
  1664 | D:2      | Found a burning altar of Makhleb.
  1835 | D:2      | Found a blossoming altar of Fedhas.
  1839 | D:2      | Found a deep blue altar of Sif Muna.
  1844 | D:2      | Found a snail-covered altar of Cheibriados.
  1855 | D:2      | Became a worshipper of Sif Muna the Loreminder
  2163 | D:2      | Noticed Ijyb
  2205 | D:2      | Killed Ijyb
  2376 | D:2      | Killed Sigmund
  2376 | D:2      | Reached skill level 5 in Conjurations
  2376 | D:2      | Reached XP level 5. HP: 16/35 MP: 1/9
  2602 | D:3      | Found a sparkling altar of Nemelex Xobeh.
  2713 | D:3      | Learned a level 4 spell: Iskenderun's Mystic Blast
  3318 | D:3      | Reached XP level 6. HP: 41/41 MP: 10/10
  3483 | D:4      | Acquired Sif Muna's first power
  3483 | D:4      | Reached skill level 6 in Conjurations
  3878 | D:4      | Reached XP level 7. HP: 23/46 MP: 8/12
  4219 | D:4      | Found a staircase to the Ecumenical Temple.
  4491 | D:5      | Entered Level 5 of the Dungeon
  4719 | D:5      | Reached skill level 7 in Conjurations
  4908 | D:5      | Acquired Sif Muna's second power
  4909 | D:5      | Found Igocuupt's General Store.
  5250 | D:6      | Reached XP level 8. HP: 39/52 MP: 12/13
  5297 | D:6      | Reached skill level 8 in Conjurations
  5345 | D:6      | Noticed Menkaure
  5351 | D:6      | Killed Menkaure
  5635 | D:6      | Noticed Eustachio
  5654 | D:6      | Killed Eustachio
  5830 | D:6      | Reached skill level 1 in Short Blades
  5981 | D:6      | Noticed Duvessa
  5981 | D:6      | Noticed Dowan
  5992 | D:6      | Killed Duvessa
  6006 | D:6      | Killed Dowan
  6127 | D:6      | Reached skill level 9 in Conjurations
  6634 | D:7      | Reached XP level 9. HP: 57/57 MP: 2/14
  7039 | D:7      | Reached skill level 10 in Conjurations
  7086 | D:7      | Acquired Sif Muna's third power
  7096 | D:7      | Reached skill level 5 in Short Blades
  7100 | D:7      | Got a pair of crude gloves
  7104 | D:7      | Identified the +2 pair of gloves of Ennui {Int+3} (You found it on level 7 of the Dungeon)
  7114 | D:7      | Learned a level 5 spell: Fulminant Prism
  7389 | D:8      | Reached skill level 1 in Hexes
  7791 | D:8      | Reached XP level 10. HP: 63/63 MP: 16/16
  7812 | D:8      | Found a glowing silver altar of Zin.
  7812 | D:8      | Noticed an angel
  8457 | D:9      | Reached skill level 5 in Hexes
  8468 | D:8      | Reached skill level 11 in Conjurations
  8545 | D:9      | Found a shattered altar of Ashenzari.
  8557 | D:9      | HP: 1/63 [eight-headed hydra skeleton (9)]
  9045 | D:9      | Noticed a centaur warrior
  9054 | D:9      | Killed a centaur warrior
  9369 | D:9      | Received a gift from Sif Muna
  9370 | D:9      | Identified Sif Muna's Witchery, Part One (Sif Muna gifted it to you on level 9 of the Dungeon)
  9373 | D:9      | Learned a level 1 spell: Shock
  9445 | D:9      | Found a staircase to the Orcish Mines.
  9661 | D:9      | Reached skill level 1 in Air Magic
  9753 | D:10     | Entered Level 10 of the Dungeon
  9755 | D:10     | Noticed an angel
  9757 | D:10     | Found a gateway to a ziggurat.
  9757 | D:10     | Noticed an angel
 10091 | D:10     | Got a brightly glowing short sword
 10092 | D:10     | Somebody: Hi. Do you plan on using this Ziggurat entrance?
 10092 | D:10     | Identified the cursed +3,-2 short sword of Radicalism {freeze, MR++} (You found it on level 10 of the Dungeon)
 10092 | D:10     | Identified the cursed +3,-2 short sword of Radicalism {freeze, MR++} (You found it on level 10 of the Dungeon)
 10094 | D:10     | PolkaDot: Probably not
 10094 | D:10     | PolkaDot: Tempting though it'll be
 10094 | D:10     | Somebody: A pity.
 10094 | D:10     | Somebody: I haven't been playing much lately. Life :) How are you, by the way?
 10094 | D:10     | PolkaDot: We'll see if I live long enough to do so, eh
 10094 | D:10     | PolkaDot: I'm alright
 10094 | D:10     | PolkaDot: had a good VpEn run yesterday
 10094 | D:10     | PolkaDot: 2 runes, and doing crypt :D
 10094 | D:10     | Somebody: "Yesterday" ;) What went wrong?
 10094 | D:10     | PolkaDot: Depths was less scary, since I skilled properly that time
 10094 | D:10     | PolkaDot: Had a fight with a Revenant
 10094 | D:10     | PolkaDot: Realised Ghostly Flames heal me a little, thought I'd experiment
 10094 | D:10     | PolkaDot: when it came to escaping... well
 10094 | D:10     | PolkaDot: For the first time in the entire fight, it spammed Dispel Undead xD;
 10094 | D:10     | Somebody: They can be unpleasant this way. You were not able to dispell him yourself on time?
 10094 | D:10     | PolkaDot: Ash
 10094 | D:10     | PolkaDot: not kiku :p
 10094 | D:10     | PolkaDot: And the sonuvvabitch's immune to hostile enchantments
 10094 | D:10     | Somebody: Aww. I've just realized that you're undead. ...and the guardians are angels.
 10094 | D:10     | PolkaDot: Quite ^^;;
 10094 | D:10     | PolkaDot: buuut I'd deal with that sensibly
 10094 | D:10     | PolkaDot: Seperate them
 10094 | D:10     | PolkaDot: Nuke 'em one at a time ;)
 10178 | D:10     | Somebody: See you in a bit. I'll play myself now.
 10178 | D:10     | PolkaDot: enjoy o/
 10184 | D:10     | Noticed an oklob plant
 10187 | D:10     | Somebody: Good patience to you.
 10188 | D:10     | PolkaDot: :)
 10193 | D:10     | Killed an oklob plant
 10193 | D:10     | Reached XP level 11. HP: 24/68 MP: 11/17
 10202 | D:10     | Reached skill level 12 in Conjurations
 10312 | D:10     | Found a staircase to the Lair.
 10328 | D:10     | Noticed Joseph
 10346 | D:10     | Killed Joseph
 10917 | D:10     | Noticed Urug
 11332 | Lair:1   | Entered Level 1 of the Lair of Beasts
 11809 | Lair:1   | Received a gift from Sif Muna
 11908 | Lair:1   | Identified Sif Muna's Disquisition on Conjuration and Weightlessness (Sif Muna gifted it to you on level 1 of the Lair of Beasts)
 12467 | Lair:1   | Reached skill level 5 in Air Magic
 14314 | Lair:2   | Reached XP level 12. HP: 47/74 MP: 18/18
 14428 | Lair:2   | Noticed Mitsuki's ghost (powerful DDFi)
 14817 | Lair:2   | Killed Mitsuki's ghost
 14817 | Lair:2   | Reached skill level 13 in Conjurations
 14955 | Lair:2   | Received a gift from Sif Muna
 14956 | Lair:2   | Identified Sif Muna's Collected Works on Feathery Attacks (Sif Muna gifted it to you on level 2 of the Lair of Beasts)
 16701 | Lair:4   | Found a blossoming altar of Fedhas.
 17965 | Lair:5   | Reached skill level 10 in Air Magic
 18110 | Lair:5   | Found a hole to the Spider Nest.
 19442 | Lair:5   | Received a gift from Sif Muna
 19443 | Lair:5   | Identified Qisoc's Incunabulum of the Oath and Feathers (Sif Muna gifted it to you on level 5 of the Lair of Beasts)
 19445 | Lair:5   | Noticed a five-headed hydra
 19459 | Lair:5   | Killed a five-headed hydra
 20428 | Lair:6   | Noticed a seven-headed hydra
 20440 | Lair:6   | Killed a seven-headed hydra
 20441 | Lair:6   | Noticed an eight-headed hydra
 20449 | Lair:6   | Found a viscous altar of Jiyva.
 20451 | Lair:6   | Found a staircase to the Slime Pits.
 20499 | Lair:5   | Reached XP level 13. HP: 79/79 MP: 9/22
 20781 | Lair:6   | Killed an eight-headed hydra
 20781 | Lair:6   | HP: 3/79 [shot self (23)]
 21650 | Lair:6   | Found a staircase to the Swamp.
 22009 | Lair:6   | Noticed a four-headed hydra
 22012 | Lair:6   | Noticed an eight-headed hydra
 22018 | Lair:6   | Killed a four-headed hydra
 22271 | Lair:6   | Killed an eight-headed hydra
 22277 | Lair:6   | Somebody: This was an interesting strategy.
 22280 | Lair:6   | PolkaDot: Hm?
 22280 | Lair:6   | PolkaDot: The F.Prisms?
 22280 | Lair:6   | HP: 2/79 [black mamba (15)]
 22281 | Lair:6   | Somebody: Placement of f.prisms.
 22502 | Lair:6   | PolkaDot: ^^;
 22502 | Lair:6   | Somebody: Oh, and you're still unliving. Congradulations.
 22512 | Lair:6   | PolkaDot: Of course :p
 22512 | Lair:6   | Somebody: Good patience to you, I'll see you later.
 22512 | Lair:6   | PolkaDot: Getting quite good now
 22623 | Lair:6   | Learned a level 6 spell: Poisonous Cloud
 24304 | Lair:7   | Received a gift from Sif Muna
 24304 | Lair:7   | Reached skill level 1 in Poison Magic
 24464 | Lair:7   | Identified Sif Muna's Papyrus of Floating Attacks (Sif Muna gifted it to you on level 7 of the Lair of Beasts)
 25091 | Lair:8   | Entered Level 8 of the Lair of Beasts
 25100 | Lair:8   | Reached skill level 14 in Conjurations
 26172 | Lair:8   | Ladykiller69: one step
 26173 | Lair:8   | Ladykiller69: to your lower left
 26174 | Lair:8   | Ladykiller69: because
 26175 | Lair:8   | Ladykiller69: that
 26177 | Lair:8   | Ladykiller69: you could have lured the hydra in the prism radius!
 26177 | Lair:8   | Ladykiller69: also dont meele it
 26177 | Lair:8   | Ladykiller69: Do not
 26178 | Lair:8   | Ladykiller69: meele
 26178 | Lair:8   | Ladykiller69: it
 26178 | Lair:8   | Ladykiller69: it's suicide
 26178 | Lair:8   | PolkaDot: ...
 26178 | Lair:8   | PolkaDot: WHY
 26178 | Lair:8   | PolkaDot: would I melee it xD
 26178 | Lair:8   | PolkaDot: should have lkured it though
 26178 | Lair:8   | Ladykiller69: well
 26178 | Lair:8   | Ladykiller69: sabre
 26178 | Lair:8   | PolkaDot: Right, time to slow down my thinking
 26178 | Lair:8   | Ladykiller69: bat
 26178 | Lair:8   | Ladykiller69: and run
 26178 | Lair:8   | PolkaDot: ... mp
 26178 | Lair:8   | Ladykiller69: it's far enough away from you
 26178 | Lair:8   | Ladykiller69: just
 26178 | Lair:8   | PolkaDot: Pillardance -> bat
 26178 | Lair:8   | Ladykiller69: walk away
 26178 | Lair:8   | PolkaDot: thank you :)
 26178 | Lair:8   | Ladykiller69: and bat asap
 26178 | Lair:8   | PolkaDot: ^
 26197 | Lair:8   | PolkaDot: ...
 26197 | Lair:8   | PolkaDot: Well
 26197 | Lair:8   | Ladykiller69: uh
 26197 | Lair:8   | Ladykiller69: why did you
 26197 | Lair:8   | PolkaDot: That was phenomenally stupid
 26197 | Lair:8   | PolkaDot: didn't look
 26197 | Lair:8   | Ladykiller69: kill yourself?
 26197 | Lair:8   | Ladykiller69: again
 26197 | Lair:8   | PolkaDot: Saw the staircase and ran
 26197 | Lair:8   | PolkaDot: hrm
 26198 | Lair:8   | PolkaDot: I'll nt do it again >.>
 26200 | Lair:8   | Ladykiller69: I once did that as well
 26201 | Lair:8   | Ladykiller69: with a goliath beetle tho
 26201 | Lair:8   | PolkaDot: ^^;
 26201 | Lair:8   | Ladykiller69: I was kiting it
 26201 | Lair:8   | PolkaDot: they have crazy AC when you first meet them
 26632 | Lair:8   | Ladykiller69: oh my
 26632 | Lair:8   | Ladykiller69: you have crazy stealth now dont you
 26632 | Lair:8   | PolkaDot: m?
 26632 | Lair:8   | PolkaDot: Not really
 26632 | Lair:8   | PolkaDot: no stealth skill
 26632 | Lair:8   | Ladykiller69: not?
 26632 | Lair:8   | Ladykiller69: ah
 26632 | Lair:8   | PolkaDot: though I do get a boost
 26683 | Lair:8   | PolkaDot: incoming :)
 27504 | Lair:8   | Received a gift from Sif Muna
 27711 | Lair:8   | Reached XP level 14. HP: 57/85 MP: 3/25
 27789 | Lair:8   | HP: 2/85 [water moccasin (6)]
 27789 | Lair:8   | Slain by a water moccasin

Action                   |  1- 3 |  4- 6 |  7- 9 | 10-12 | 13-15 || total
-------------------------+-------+-------+-------+-------+-------++-------
Melee: Unarmed           |    16 |       |       |       |       ||    16
       Dagger            |    46 |   161 |    95 |       |       ||   302
       Sabre             |       |       |   136 |  1112 |   284 ||  1532
       Short sword       |       |       |       |     7 |       ||     7
 Cast: Magic Dart        |    19 |     3 |    19 |    21 |     2 ||    64
       Searing Ray       |     1 |     8 |    49 |    76 |     7 ||   141
       Iskenderun's Myst |       |       |    11 |   123 |    42 ||   176
       Fulminant Prism   |       |       |     1 |   105 |    57 ||   163
       Poisonous Cloud   |       |       |       |       |    67 ||    67
Invok: Channel Energy    |       |       |       |    64 |   108 ||   172
 Abil: Bottle Blood      |       |       |    33 |    21 |     5 ||    59
       End Transformatio |       |       |       |       |     1 ||     1
       Bat Form          |       |       |       |       |     1 ||     1
Evoke: Wand              |       |       |     1 |     2 |     1 ||     4
  Use: Potion            |     2 |       |    27 |    47 |     4 ||    80
       Scroll            |       |     7 |     2 |    14 |    11 ||    34
 Stab: Sleeping          |     1 |    11 |    12 |     7 |     4 ||    35
       Distracted        |       |     1 |       |       |       ||     1
